 Dungeon Crawl Stone Soup version 0.31-a0-700-gf13585253f (webtiles) character file.

Game seed: 3251283106826729205

3 qw the Shooter (level 1, 0/12 HPs)
             Began as a Gargoyle Hunter on Sept 7, 2023.
             Constricted to death by a ball python (1 damage)
             ... on level 1 of the Dungeon.
             The game lasted 00:00:02 (109 turns).

qw the Shooter (Gargoyle Hunter)                     Turns: 109, Time: 00:00:03

Health: 0/12       AC:  5    Str: 14    XL:     1   Next: 50%
Magic:  1/1        EV:  8    Int:  9    God:
Gold:   4          SH:  0    Dex: 13    Spells: 0/0 levels left

rFire   . . .        a - +0 shortbow
rCold   . . .        (shield currently unavailable)
rNeg    + . .        c - +0 leather armour
rPois   inf          (no helmet)
rElec   +            (no cloak)
rCorr   .            (no gloves)
SInv    .            (no boots)
Will    .....        (no amulet)
Stlth   +            (no ring)
HPRegen 0.22/turn    (no ring)
MPRegen 0.07/turn

%: no passive effects
@: constricted
A: sickness immunity, AC +2, negative energy resistance 1, electricity
resistance, torment resistance 1, petrification resistance
a: no special abilities


You were on level 1 of the Dungeon.
You visited 1 branch of the dungeon, and saw 1 of its levels.

You collected 4 gold pieces.


Innate Abilities, Weirdness & Mutations

You are immune to sickness and miasma.
Your stone body is resilient. (AC +2)
You are immune to poison.
You resist negative energy. (rN+)
You are resistant to electric shocks. (rElec)
You are resistant to unholy torment.
You are immune to petrification.


   Skills:
 - Level 2.1 Fighting
 + Level 4.2 Ranged Weapons
 - Level 1.5 Dodging
 - Level 1.1 Stealth


You couldn't memorise any spells.
You didn't know any spells.
Your spell library was empty.

Inventory:

Hand Weapons
 a - a +0 shortbow (weapon)
Armour
 c - a +0 leather armour (worn)
Scrolls
 b - a scroll of butterflies
Potions
 d - a potion of cancellation {unknown}

Dungeon Overview and Level Annotations

Branches:
Dungeon (1/15)

Altars:


Message History

Found a hand axe.
Found 6 stones.
Found a stone staircase leading down.
You see here 6 stones.
You now have 4 gold pieces.
You open the door.
A rat comes into view.
You shoot an arrow. The arrow hits the rat.
You kill the rat!
There is an open door here.
d - a metallic purple potion
Found a stone staircase leading down.
A gnoll comes into view. It is wielding a +0 flail.
You shoot an arrow. The arrow hits the gnoll.
The gnoll shouts!
The gnoll is moderately wounded.
A ball python comes into view.
You shoot an arrow. The arrow closely misses the gnoll.
The ball python hisses angrily.
Found a scroll labelled ROL ONIAKAEQI.
A bat comes into view.
The bat moves out of view.
You shoot an arrow. The arrow barely misses the gnoll.
The arrow barely misses the ball python.
You shoot an arrow.
The arrow hits the gnoll but does no damage.
The gnoll is moderately wounded.
The gnoll hits you with a +0 flail. The ball python closely misses you.
The ball python barely misses you.
You shoot an arrow. The arrow hits the gnoll.
The gnoll is severely wounded.
The ball python bites you but does no damage.
The ball python barely misses you. The gnoll barely misses you.
The ball python barely misses you. The ball python grabs you.
The ball python constricts you. The gnoll hits you with a +0 flail.
You shoot an arrow.
The arrow hits the ball python but does no damage.
The ball python bites you but does no damage.
The ball python constricts you.
You die... ##### #...###### #.PPPPP.. #.P$$$P# ##.P$$$P#.# #>.P$$$P... #..PPPPP#

#...### #@#...##
#...Sg###..######
# #....b#
##......######
#......
####...'.....
#......
#...######
#####... #...#
#.?. #...# #....
#...# #...#


You could see a gnoll, a bat and a ball python.

Vanquished Creatures
  2 hobgoblins (D:1)
  A rat (D:1)
3 creatures vanquished.

Notes
Turn   | Place    | Note
-------+----------+-------------------------------------------
     0 | D:1      | qw the Gargoyle Hunter began the quest for the Orb.
     0 | D:1      | Reached XP level 1. HP: 12/12 MP: 1/1
     0 | D:1      | 0 ||| qw: Version: 0.3-a-76-g4403597
     0 | D:1      | 0 ||| qw: Game counter: 668
     0 | D:1      | 0 ||| qw: Melee chars always use a shield: true
     0 | D:1      | 0 ||| qw: God list: Okawaru
     0 | D:1      | 0 ||| qw: Allow faded altars: false
     0 | D:1      | 0 ||| qw: Do Orc after clearing Dungeon:15 true
     0 | D:1      | 0 ||| qw: Do second Lair branch before Depths: true
     0 | D:1      | 0 ||| qw: Lair rune preference: random
     0 | D:1      | 0 ||| qw: Goals: Normal
     0 | D:1      | 0 ||| PLANNING D:1-11
   108 | D:1      | HP: 1/12 [gnoll/+0 flail (5)]
   109 | D:1      | Constricted to death by a ball python

Levels and vault maps discovered:
D:1:      dpeg_arrival_morbid_curiosity, layout_basic, minmay_gold_behind_fungi

Action                     || total
---------------------------++-------
   Fire: Shortbow          ||    15
 Armour: Leather armour    ||     6
  Dodge: Dodged            ||     8

Table legend:
 A = Non-vault XP
 B = Vault XP
 C = Vault XP percentage of total XP
 D = Non-vault monster count
 E = Vault monster count
 F = Vault count percentage of total count
                 A         B        C        D         E       F
            +---------+---------+-------+---------+---------+-------
      Total |       1 |       4 |  80.0 |       1 |       2 |  66.7
            +---------+---------+-------+---------+---------+-------
        D:1 |       1 |       4 |  80.0 |       1 |       2 |  66.7
            +---------+---------+-------+---------+---------+-------
